 Dungeon Crawl Stone Soup version 0.24.0-13-gcf9b3192b9 (webtiles) character file.

Game seed: 13388893534657960497, levelgen mode: deterministic

18971 roguesci the Party-goer (level 12, -3/75 HPs)
             Began as a Gargoyle Fighter on Nov 9, 2019.
             Was a Follower of Uskayaw.
             Slain by Rupert
             ... wielding a +1 great mace of protection
              (6 damage)
             ... on level 12 of the Dungeon.
             The game lasted 00:46:53 (12892 turns).

roguesci the Party-goer (Gargoyle Fighter)         Turns: 12892, Time: 00:46:54

Health: -3/75      AC: 32    Str: 19 (22) XL:     12   Next: 64%
Magic:  17/17      EV:  5    Int: 15 (17) God:    Uskayaw [*.....]
Gold:   582        SH: 11    Dex:  8 (11) Spells: 3/11 levels left

rFire    . . .     SeeInvis +   t - +11 rapier of a treasure trove {pierce, rN+}
rCold    . . .     Gourm    .   c - +0 shield
rNeg     + + .     Faith    .   F - +0 plate armour
rPois    ∞         Spirit   .   K - +2 hat "Jocac" {+Fly}
rElec    +         Reflect  .   u - +1 cloak
rCorr    .         Harm     .   w - +0 pair of gloves
MR       .....                  C - +2 pair of boots
Stlth    ..........             (no amulet)
HPRegen  0.62/turn              x - ring of see invisible
MPRegen  0.15/turn              (no ring)

@: brilliant
A: agile 1, clever 1, low mp 1, negative energy resistance 1, regeneration 1,
electricity resistance, weak 1, wild magic 1, unbreathing, petrification
resistance, rot immunity, AC +8
a: Stomp, Renounce Religion, Evoke Flight


You were on level 12 of the Dungeon.
You worshipped Uskayaw.
Uskayaw was aware of your devotion.
You were not hungry.

You visited 1 branch of the dungeon, and saw 12 of its levels.
You also visited: Ossuary and Gauntlet.

You collected 719 gold pieces.
You spent 137 gold pieces at shops.

Inventory:

Hand Weapons
 h - a +1 flail of crushing
 t - the +11 rapier of a treasure trove (weapon) {pierce, rN+}
   (You found it on level 10 of the Dungeon)

   It inflicts extra damage upon your enemies.
   It protects you from negative energy.
 I - a +0 whip of pain
Missiles
 s - 386 stones (quivered)
Armour
 c - a +0 shield (worn)
 u - a +1 cloak (worn)
 w - a +0 pair of gloves (worn)
 C - a +2 pair of boots (worn)
 F - a +0 plate armour (worn)
 K - the +2 hat "Jocac" (worn) {+Fly}
   (You found it in a Gauntlet)

   It lets you fly.
 N - the +0 robe of the Loofah {rF+ Dex+2}
   (You found it in a Gauntlet)

   It affects your dexterity (+2).
   It protects you from fire.
 O - quicksilver dragon scales
 P - the +0 ring mail "Moriuts" {+Fly rC++ Int-2 Stlth+}
   (You found it in a Gauntlet)

   It affects your intelligence (-2).
   It greatly protects you from cold.
   It lets you fly.
   It makes you more stealthy.
Jewellery
 x - a ring of see invisible (left hand)
 G - an uncursed ring of protection from fire
 M - an uncursed ring of ice
Wands
 l - a wand of flame (24)
 y - a wand of random effects (4)
 D - a wand of acid (18)
 E - a wand of iceblast (29)
 H - a wand of paralysis (5)
 J - a wand of digging (5)
 L - a wand of polymorph (5)
Scrolls
 g - 5 scrolls of remove curse
 j - 4 scrolls of fog {unknown}
 k - 3 scrolls of immolation {unknown}
 m - 2 scrolls of enchant weapon {unknown}
 n - 4 scrolls of amnesia {unknown}
 o - 4 scrolls of enchant armour {unknown}
 p - a scroll of noise {unknown}
 v - 3 scrolls of fear {unknown}
 R - a scroll of magic mapping {unknown}
 S - a scroll of identify
Potions
 a - a potion of lignification
 b - a potion of curing
 d - 3 potions of flight
 e - 2 potions of magic
 z - 2 potions of mutation
 B - 2 potions of cancellation
Comestibles
 f - 19 rations


   Skills:
 + Level 8.9 Fighting
 * Level 9.2 Short Blades
 - Level 9.3 Maces & Flails
 + Level 8.8 Armour
 - Level 1.1 Dodging
 + Level 8.9 Shields
 + Level 9.4 Invocations


You had 3 spell levels left.
You knew the following spells:

 Your Spells              Type           Power        Failure   Level  Hunger
a - Passwall              Tmut/Erth      ##......     83%         2    ###....
b - Mephitic Cloud        Conj/Pois/Air  ##......     95%         3    ####...
c - Regeneration          Chrm/Necr      ##........   95%         3    ####...

Your spell library contained the following spells:

 Spells                   Type           Power        Failure   Level  Hunger
 Animate Skeleton         Necr           N/A          73%         1    ##.....
 Magic Dart               Conj           ##..         73%         1    ##.....
 Pain                     Necr           ##..         73%         1    ##.....
 Sandblast                Erth           ##....       73%         1    ##.....
 Sting                    Conj/Pois      ##..         73%         1    ##.....
 Ensorcelled Hibernation  Hex/Ice        ##....       83%         2    ###....
 Poisonous Vapours        Pois/Air       ##....       83%         2    ###....
 Searing Ray              Conj           ##....       83%         2    ###....
 Dazzling Spray           Conj/Hex       ##....       95%         3    ####...
 Stone Arrow              Conj/Erth      ##....       95%         3    ####...
 Vampiric Draining        Necr           ##........   95%         3    ####...
 Animate Dead             Necr           N/A          100%        4    #####..
 Force Lance              Conj/Tloc      ##......     100%        4    #####..
 Fulminant Prism          Conj/Hex       ##........   100%        4    #####..
 Iskenderun's Mystic Bla  Conj           ##......     100%        4    #####..
 Olgreb's Toxic Radiance  Pois           ##......     100%        4    #####..
 Petrify                  Tmut/Erth      ##......     100%        4    #####..
 Lee's Rapid Deconstruct  Erth           ##........   100%        5    ######.
 Venom Bolt               Conj/Pois      ##........   100%        5    ######.
 Darkness                 Hex            ##........   100%        6    #######
 Hydra Form               Tmut           ##........   100%        6    #######
 Invisibility             Hex            ##......     100%        6    #######


Dungeon Overview and Level Annotations

Branches:
Dungeon (12/15)            Temple (0/1) D:5            Lair (0/6) D:8
Ossuary (visited)         Gauntlet (visited)
    Orc: D:9-12

Altars:
Fedhas
Gozag
Hepliaklqana
Nemelex Xobeh
Okawaru
Qazlal
Ru
Sif Muna
Trog
Uskayaw
Vehumet
Wu Jian
Xom
Yredelemnul

Shops:
D:10 (   D:12 =

Annotations:
D:12 Rupert


Innate Abilities, Weirdness & Mutations

You are resistant to torment.
Your stone body is resilient. (AC +8)
You are immune to poison.
You resist negative energy. (rN+)
You are resistant to electric shocks. (rElec)
You can survive without breathing.
You are immune to petrification.
You are immune to rotting.
You are agile. (Dex +2)
Your mind is acute. (Int +2)
Your magical capacity is low. (-10% MP)
Your natural rate of healing is unusually fast.
You are weak. (Str -2)
Your spells are a little harder to cast, but a little more powerful.


Message History

Rupert hits you with a +1 great mace of protection!
* * * LOW HITPOINT WARNING * * *
You bump into the rock wall.
Rupert hits you with a +1 great mace of protection.
* * * LOW HITPOINT WARNING * * *
You feel less invigorated.
You feel less confused.
Rupert rages.
Rupert closely misses you.
Okay, then.
It was a potion of degeneration.
There was something very wrong with that liquid.
You feel weakened.
You feel dopey.
You feel clumsy.
Rupert hits you with a +1 great mace of protection!!
* * * LOW HITPOINT WARNING * * *
You can no longer pass through a line of other dancers.
It was a potion of brilliance.
You feel clever all of a sudden.
Rupert hits you with a +1 great mace of protection.
You die...

# #.######.
#........
#.####### #.#
###.###.#
........#
..#####.# #.#
##.## #@#######.
8.∩.8.##@........
#(..........####
#8.########.....
####


You could see Rupert (berserk).

Vanquished Creatures
  A minotaur (Gauntlet)
  Snorg (D:10)
  Josephine (D:10)
  Harold (D:8)
  Urug (D:11)
  Sonja (D:11)
  A sixfirhy (Gauntlet)
  3 orc knights (D:11)
  An obsidian statue (Gauntlet)
  Joseph (D:11)
  A centaur skeleton (D:11)
  A komodo dragon (D:11)
  A queen bee (Gauntlet)
  A troll (D:11)
  9 slime creatures
  6 hippogriffs
  5 wraiths
  9 yaks
  A wyvern (D:10)
  4 hogs (D:10)
  A human (D:10)
  A hungry ghost (D:8)
  A basilisk (D:8)
  A water moccasin (D:6)
  3 porcupines (D:8)
  3 sky beasts
  4 orc warriors
  5 ice beasts
  A black bear (D:10)
  8 ogres
  A centaur (D:10)
  4 crocodiles
  A big kobold (D:10)
  2 elf zombies (Ossuary)
  3 bullfrogs
  A wyvern zombie (D:6)
  7 scorpions
  4 killer bees (Gauntlet)
  5 wights (D:7)
  A howler monkey (D:4)
  3 crimson imps
  A bullfrog zombie (D:10)
  A human zombie (Ossuary)
  A centaur zombie (Ossuary)
  4 hounds
  4 orc priests
  3 jellies (D:10)
  3 bullfrog skeletons
  An iguana (D:9)
  10 orc wizards
  3 worker ants
  A big kobold zombie (Ossuary)
  2 hound zombies (Ossuary)
  A hound skeleton (D:7)
  3 mummies (Ossuary)
  A howler monkey skeleton (D:7)
  9 adders
  3 shadow imps
  3 ufetubi (Gauntlet)
  6 adder zombies (Ossuary)
  2 worms
  2 dart slugs
  7 leopard geckos
  38 orcs
  3 bats
  5 giant cockroaches
  10 goblins
  3 hobgoblins (D:3)
  2 jackals (D:10)
  5 quokkas
  3 frilled lizards
  A gnoll zombie (Ossuary)
  4 goblin zombies (Ossuary)
  5 jackal zombies (Ossuary)
  12 kobolds
  2 kobold zombies (Ossuary)
  A leopard gecko zombie (D:8)
  An orc zombie (Ossuary)
  3 quokka zombies (Ossuary)
  11 rats
  4 rat zombies (Ossuary)
  A spectral orc (D:9)
295 creatures vanquished.

Vanquished Creatures (others)
  A crimson imp (D:7)
  A leopard gecko (D:7)
  2 orcs
  A bush (D:8)
  8 fungi
  2 plants
15 creatures vanquished.

Grand Total: 310 creatures vanquished

Notes
Turn   | Place    | Note
-------+----------+-------------------------------------------
     0 | D:1      | roguesci the Gargoyle Fighter began the quest for the Orb.
     0 | D:1      | Reached XP level 1. HP: 14/14 MP: 1/1
   237 | D:1      | Reached XP level 2. HP: 19/19 MP: 2/2
  1095 | D:2      | Found an iron altar of Okawaru.
  1238 | D:2      | Reached XP level 3. HP: 23/23 MP: 3/3
  1475 | D:2      | Found a hide-covered altar of Uskayaw.
  1476 | D:2      | Found a bloodstained altar of Trog.
  1545 | D:2      | Found a blossoming altar of Fedhas.
  1717 | D:2      | Found a sacrificial altar of Ru.
  1849 | D:3      | Reached XP level 4. HP: 19/29 MP: 4/4
  2333 | D:3      | Reached XP level 5. HP: 21/33 MP: 5/5
  2717 | D:2      | Became a worshipper of Uskayaw the Reveler
  3027 | D:3      | Reached * piety under Uskayaw
  3211 | D:4      | Noticed an ogre
  3217 | D:4      | Reached ** piety under Uskayaw
  3219 | D:4      | Killed an ogre
  3219 | D:4      | Reached skill level 1 in Dodging
  3219 | D:4      | Reached XP level 6. HP: 7/39 MP: 6/6
  3219 | D:4      | Reached *** piety under Uskayaw
  4023 | D:4      | Found a shimmering altar of Xom.
  4159 | D:4      | Reached skill level 5 in Shields
  4164 | D:4      | Reached **** piety under Uskayaw
  4174 | D:4      | Reached XP level 7. HP: 29/44 MP: 7/7
  4306 | D:4      | Reached skill level 5 in Fighting
  4306 | D:4      | Reached skill level 5 in Armour
  4526 | D:4      | Gained mutation: Your mind is acute. (Int +2) [potion of
                  | mutation]
  4526 | D:4      | Gained mutation: Your spells are a little harder to cast,
                  | but a little more powerful. [potion of mutation]
  4526 | D:4      | Gained mutation: Your natural rate of healing is unusually
                  | fast. [potion of mutation]
  4526 | D:4      | Gained mutation: You are agile. (Dex +2) [potion of
                  | mutation]
  4649 | D:5      | Entered Level 5 of the Dungeon
  4964 | D:5      | Found a staircase to the Ecumenical Temple.
  5222 | D:5      | Found an ornate altar of the Wu Jian Council.
  5692 | D:6      | Reached skill level 1 in Invocations
  5754 | D:6      | Noticed a hippogriff
  5772 | D:6      | Killed a hippogriff
  5772 | D:6      | Reached XP level 8. HP: 44/51 MP: 9/9
  5823 | D:6      | Reached skill level 5 in Maces & Flails
  6102 | D:6      | Found a stormy altar of Qazlal.
  7030 | D:7      | Reached XP level 9. HP: 52/55 MP: 12/12
  7139 | D:7      | Found a sand-covered staircase.
  7149 | Ossuary  | Entered an ossuary
  7358 | Ossuary  | Reached skill level 5 in Invocations
  7603 | D:7      | Reached ***** piety under Uskayaw
  7851 | D:7      | Found a sparkling altar of Nemelex Xobeh.
  8201 | D:8      | Reached XP level 10. HP: 51/63 MP: 14/14
  8282 | D:8      | Found a staircase to the Lair.
  8389 | D:8      | Noticed Harold
  8415 | D:8      | Killed Harold
  9347 | D:8      | Found a shimmering blue altar of Sif Muna.
  9427 | D:9      | Found an opulent altar of Gozag.
  9434 | D:9      | Found a radiant altar of Vehumet.
  9778 | D:9      | Found a basalt altar of Yredelemnul.
  9882 | D:9      | Found a hazy altar of Hepliaklqana.
  9996 | D:10     | Entered Level 10 of the Dungeon
 10081 | D:10     | Reached XP level 11. HP: 51/68 MP: 17/17
 10108 | D:10     | Found Niwidgh's Antique Weapon Shoppe.
 10117 | D:10     | Bought a glowing whip for 137 gold pieces
 10139 | D:10     | Noticed Josephine
 10152 | D:10     | Killed Josephine
 10556 | D:10     | Got a shimmering rapier
 10557 | D:10     | Identified the +11 rapier of a treasure trove {pierce, rN+}
                  | (You found it on level 10 of the Dungeon)
 10586 | D:10     | Reached skill level 1 in Short Blades
 11106 | D:11     | Noticed Snorg
 11139 | D:10     | Killed Snorg
 11202 | D:11     | Reached skill level 5 in Short Blades
 11222 | D:11     | Noticed Urug
 11230 | D:11     | Noticed an orc knight
 11363 | D:11     | Noticed an orc knight
 11365 | D:11     | Noticed Joseph
 11385 | D:11     | Killed an orc knight
 11396 | D:11     | Killed Joseph
 11459 | D:11     | Found a gate leading to a gauntlet.
 11506 | Gauntlet | Entered a Gauntlet
 11506 | Gauntlet | Found a transporter.
 11506 | Gauntlet | Found a transporter.
 11506 | Gauntlet | Found a transporter.
 11507 | Gauntlet | Noticed a sixfirhy
 11521 | Gauntlet | Found a transporter.
 11521 | Gauntlet | Found a transporter.
 11529 | Gauntlet | Found a transporter.
 11532 | Gauntlet | Found a transporter.
 11540 | Gauntlet | Found a transporter.
 11547 | Gauntlet | Noticed an obsidian statue
 11558 | Gauntlet | Noticed a hell hog
 11559 | Gauntlet | Found a transporter.
 11564 | Gauntlet | Found a transporter.
 11567 | Gauntlet | Found a transporter.
 11568 | Gauntlet | Noticed an oklob plant
 11578 | Gauntlet | Found a transporter.
 11582 | Gauntlet | Noticed a wizard
 11727 | Gauntlet | Killed a sixfirhy
 11727 | Gauntlet | Reached XP level 12. HP: 48/75 MP: 18/18
 12005 | Gauntlet | Gained mutation: You are weak. (Str -2) [a neqoxec]
 12007 | Gauntlet | Gained mutation: Your magical capacity is low. (-10% MP) [a
                  | neqoxec]
 12018 | Gauntlet | Got a jewelled hat
 12024 | Gauntlet | Identified the +2 hat "Jocac" {+Fly} (You found it in a
                  | Gauntlet)
 12051 | Gauntlet | Noticed a minotaur
 12066 | Gauntlet | Killed a minotaur
 12073 | Gauntlet | Identified the Almanac of Shifting Execration
 12075 | Gauntlet | Got a creamy pearl robe
 12075 | Gauntlet | Got a slimy ring mail
 12214 | Gauntlet | Identified the +0 robe of the Loofah {rF+ Dex+2} (You found
                  | it in a Gauntlet)
 12224 | Gauntlet | Identified the +0 ring mail "Moriuts" {+Fly rC++ Int-2
                  | Stlth+} (You found it in a Gauntlet)
 12333 | D:11     | Killed Urug
 12418 | D:11     | Learned a level 2 spell: Passwall
 12422 | D:11     | Learned a level 3 spell: Mephitic Cloud
 12426 | D:11     | Learned a level 3 spell: Regeneration
 12601 | D:11     | Noticed Sonja
 12626 | D:11     | Killed Sonja
 12872 | D:12     | Noticed Rupert
 12874 | D:12     | Found Vifoy's Jewellery Emporium.
 12891 | D:12     | HP: 3/75 [Rupert/+1 great mace of protection (23)]
 12892 | D:12     | Slain by Rupert

Levels and vault maps discovered:
D:1:      dpeg_arrival_ratfight, layout_basic, hex_intersection
D:2:      layout_loops_ring, kennysheep_okawaru_gauntlet,
          overflow_temple_1_default, nicolae_overflow_hidden_temple,
          nicolae_ru_path_of_blood
D:3:      layout_basic, first_ration
D:4:      layout_gridville, xom_butterflies
D:5:      layout_layer_cave, kennysheep_mini_moat,
          minmay_temple_entry_antechambers
D:6:      layout_loops_corners, minmay_misc_feat_tower, grunt_qazlal_clouds
D:7:      layout_basic, basic_altar, chequers_ossuary_entry_cave,
          minmay_fractal_squares_5
D:8:      layout_gridville, tgw_sif, minmay_lair_entry_grove, uniq_harold
D:9:      layout_roguey, vehumet_crystals, yredelemnul_forgotten_temple_becter,
          kennysheep_mini, lemuel_crystal_altar
D:10:     layout_loops_ring, serial_shops, shop_coins, grunt_livestock,
          grunt_ministairs_10, uniq_josephine
D:11:     layout_cave_pools, gauntlet_entry_generic, sword_in_stone, uniq_snorg,
          uniq_sonja
D:12:     layout_loops_ring, orc_0_dummy, serial_shops,
          nicolae_shop_statue_plus, uniq_rupert

Skill      XL: |  1  2  3  4  5  6  7  8  9 10 11 12 |
---------------+-------------------------------------+-----
Shields        | 4 5 6 7 8 |  8.9
Fighting       | 4 5 6 7 8 |  8.9
Armour         | 4 5 6 7 8 |  8.8
Maces & Flails | 3 4 5 7 8 9 |  9.3
Dodging        | 1 |  1.1
Invocations    | 2 4 6 8 9 |  9.4
Short Blades   | 7 9 |  9.2

Action                   |  1- 3 |  4- 6 |  7- 9 | 10-12 || total
-------------------------+-------+-------+-------+-------++-------
Melee: Flail             |   118 |   180 |   504 |   249 ||  1051
       Rapier            |       |       |       |   283 ||   283
Throw: Stone             |    38 |       |       |    26 ||    64
       Throwing net      |       |       |       |     9 ||     9
Invok: Stomp             |       |       |     2 |     8 ||    10
       Grand Finale      |       |       |     1 |       ||     1
       Line Pass         |       |       |       |     1 ||     1
Evoke: Wand              |       |       |       |     4 ||     4
  Use: Potion            |       |     3 |    11 |     9 ||    23
       Scroll            |       |     4 |     5 |     7 ||    16
 Stab: Invisible         |       |     1 |     5 |       ||     6
       Paralysed         |       |     1 |     8 |    34 ||    43
       Held in net/web   |       |       |       |     2 ||     2
  Eat: Chunk             |     3 |     6 |    12 |    10 ||    31
       Ration            |       |       |     2 |     3 ||     5
Armor: Scale mail        |    73 |   103 |    98 |       ||   274
       Plate armour      |       |       |   178 |   293 ||   471
Dodge: Dodged            |    41 |    61 |   127 |   101 ||   330
Block: Shield            |    70 |    96 |   262 |   284 ||   712
